Map: Blackpink LE

Players

Trap

  • Race: Protoss Protoss
  • Spawn Location: 1:00

sOs - Winner!

  • Race: Protoss Protoss
  • Spawn Location: 7:00

Event: IEM Season 12 - Katowice

VOD

Have the link to the VOD?

Description

Time

  • Played on: March 2, 2018, 12:24 p.m.
  • Length: 10:50

All games in this series

Show
View Real Time Build Order
Export as new Build Order

Trap Protoss 

Build Orders:  

Get SALT Encoding   

  12  0:00  Probe  
  13  0:12  Probe  
  14  0:17  Pylon  
  14  0:25  Probe (Chrono Boost)  
  15  0:36  Gateway  
  15  0:37  Probe (Chrono Boost)  
  16  0:45  Probe (Chrono Boost)  
  17  0:51  Probe (Chrono Boost)  
  17  0:54  Assimilator  
  17  0:56  Assimilator  
  18  1:03  Probe (Chrono Boost)  
  19  1:11  Probe (Chrono Boost), Gateway  
  20  1:17  Probe  
  20  1:23  Cybernetics Core  
  21  1:29  Probe  
  22  1:33  Pylon  
  22  1:41  Probe  
  23  1:54  Probe  
  24  1:55  Warp Gate (Chrono Boost)  
  24  2:00  Stalker x2  
  28  2:14  Pylon  
  28  2:30  Stalker  
  28  2:32  Stalker  
  32  2:55  Nexus  
  32  3:01  Stalker  
  32  3:04  Stalker  
  36  3:14  Pylon  
  36  3:21  Probe  
  36  3:24  Shield Battery  
  37  3:36  Probe  
  38  3:43  Adept x2  
  42  3:49  Probe  
  42  3:51  Twilight Council  
  43  4:01  Probe  
  44  4:13  Probe  
  43  4:19  Adept x2  
  45  4:25  Probe  
  45  4:27  Blink (Chrono Boost)  
  44  4:34  Probe  
  44  4:37  Probe  
  42  4:40  Shield Battery  
  42  4:42  Stalker x2  
  46  4:48  Probe (Chrono Boost)  
  46  4:52  Probe (Chrono Boost)  
  45  5:00  Probe (Chrono Boost)  
  45  5:05  Stalker  
  45  5:06  Probe (Chrono Boost), Stalker  
  49  5:08  Probe (Chrono Boost)  
  49  5:14  Probe, Forge  
  51  5:18  Probe  
  53  5:35  Stalker  
  54  5:43  Pylon  
  54  5:45  Pylon  
  54  5:46  Protoss Ground Weapons Level 1  
  54  5:54  Probe x2  
  52  5:59  Stalker  
  52  6:01  Stalker  
  56  6:06  Probe (Chrono Boost)  
  56  6:08  Probe (Chrono Boost)  
  58  6:12  Assimilator  
  58  6:13  Assimilator  
  58  6:18  Probe (Chrono Boost)  
  59  6:20  Nexus  
  59  6:24  Probe (Chrono Boost)  
  58  6:26  Probe (Chrono Boost), Stalker x2  
  58  6:31  Probe  
  58  6:32  Probe  
  65  6:43  Probe  
  65  6:46  Probe  
  61  6:54  Charge  
  58  6:57  Probe (Chrono Boost)  
  58  6:58  Gateway  
  58  6:59  Gateway  
  59  7:01  Sentry x2  
  59  7:02  Probe (Chrono Boost)  
  65  7:12  Probe x2 (Chrono Boost)  
  66  7:18  Probe, Gateway  
  66  7:19  Probe  
  66  7:21  Templar Archives  
  66  7:22  Gateway  
  68  7:31  Probe  
  68  7:32  Gateway  
  69  7:37  Protoss Ground Weapons Level 2 (Chrono Boost), Gateway  
  70  7:51  Probe x2  
  70  7:52  Probe, Robotics Facility  
  70  7:53  Pylon  
  72  8:01  Zealot, High Templar x2  
  72  8:03  Zealot  
  72  8:05  Archon  
  80  8:09  Probe x3  
  83  8:24  Pylon  
  83  8:26  Pylon  
  83  8:27  High Templar x2  
  83  8:28  Zealot x2  
  83  8:30  Zealot  
  93  8:34  Archon  
  93  8:36  Pylon  
  93  8:44  Zealot x3  
  99  8:54  Zealot x3  
  105  8:56  Pylon  
  105  8:58  Pylon  
  105  9:00  Observer  
  106  9:07  Assimilator  
  106  9:08  Assimilator  
  108  9:10  Probe x3  
  109  9:17  Zealot x4, High Templar x2  
  109  9:24  Probe x3, Archon  
  123  9:25  Zealot  
  123  9:29  Zealot  
  128  9:43  Zealot x2  
  132  9:49  Pylon  
  132  9:50  Pylon x2  
  132  9:58  Pylon  
  132  10:09  High Templar x4  
  132  10:10  Zealot x4  
  132  10:13  Archon x2  
  148  10:14  Pylon  
  148  10:16  Pylon  
  134  10:35  Zealot x3  
  134  10:36  Zealot  
  106  10:42  Zealot  
  106  10:43  Zealot x3  
Show
View Real Time Build Order
Export as new Build Order

sOs Protoss - Winner!

Build Orders: Oracle Opening, Zealot Archon 

Get SALT Encoding   

  12  0:00  Probe  
  13  0:12  Probe  
  14  0:17  Pylon  
  14  0:24  Probe (Chrono Boost)  
  15  0:37  Probe (Chrono Boost), Gateway  
  16  0:43  Probe (Chrono Boost)  
  16  0:46  Assimilator  
  17  0:51  Probe (Chrono Boost)  
  17  0:55  Assimilator  
  18  1:03  Probe (Chrono Boost)  
  20  1:11  Probe (Chrono Boost)  
  20  1:14  Gateway  
  20  1:17  Probe  
  20  1:24  Cybernetics Core  
  21  1:29  Probe  
  22  1:34  Pylon  
  22  1:41  Probe  
  23  1:53  Probe  
  18  2:01  Warp Gate, Sentry, Stalker  
  26  2:07  Pylon  
  28  2:25  Stargate  
  28  2:41  Nexus  
  28  2:48  Stalker  
  30  2:56  Stalker  
  32  3:04  Shield Battery  
  32  3:09  Oracle (Chrono Boost)  
  35  3:30  Shield Battery  
  35  3:36  Oracle (Chrono Boost)  
  38  3:48  Pylon  
  38  4:00  Shield Battery  
  38  4:05  Shield Battery  
  38  4:09  Stalker x2  
  42  4:27  Probe x2 (Chrono Boost)  
  44  4:40  Probe x2 (Chrono Boost), Robotics Facility  
  44  4:42  Forge  
  46  4:47  Probe x2 (Chrono Boost)  
  48  4:54  Probe (Chrono Boost)  
  48  4:56  Probe (Chrono Boost)  
  50  5:06  Probe (Chrono Boost)  
  52  5:11  Probe (Chrono Boost)  
  52  5:13  Probe (Chrono Boost)  
  53  5:17  Protoss Ground Weapons Level 1 (Chrono Boost)  
  53  5:18  Probe  
  53  5:21  Probe  
  55  5:29  Observer  
  55  5:30  Probe  
  55  5:33  Probe  
  58  5:42  Probe  
  59  5:43  Pylon  
  59  5:45  Probe  
  59  5:46  Assimilator  
  59  5:47  Pylon  
  59  5:48  Assimilator  
  60  5:54  Probe  
  61  5:58  Immortal (Chrono Boost)  
  61  6:02  Probe  
  61  6:03  Pylon  
  66  6:05  Zealot  
  66  6:06  Probe, Zealot  
  71  6:15  Twilight Council  
  71  6:18  Gateway  
  71  6:19  Gateway  
  69  6:26  Stalker  
  69  6:27  Stalker  
  69  6:28  Immortal  
  75  6:37  Observer  
  69  6:51  Stalker x2  
  69  6:52  Observer  
  73  6:54  Probe x2  
  73  7:00  Charge  
  75  7:08  Templar Archives  
  75  7:09  Gateway  
  75  7:11  Gateway  
  75  7:12  Warp Prism  
  75  7:13  Gateway  
  75  7:14  Protoss Ground Weapons Level 2 (Chrono Boost)  
  75  7:15  Gateway  
  77  7:22  Probe  
  78  7:35  Nexus  
  78  7:39  Pylon  
  75  7:47  Zealot, High Templar x2  
  81  7:51  Archon  
  81  7:52  Zealot  
  83  7:59  Pylon  
  83  8:06  Probe x2  
  83  8:09  High Templar x2  
  89  8:14  Archon  
  89  8:18  Zealot x2  
  89  8:19  Zealot x3  
  99  8:24  Pylon  
  99  8:30  Probe x2  
  101  8:38  Pylon  
  101  8:42  Probe  
  102  8:49  Observer  
  102  8:52  High Templar x3  
  102  8:53  Zealot x4, High Templar  
  118  8:56  Archon  
  118  8:57  Archon  
  118  8:59  Probe x3  
  121  9:07  Assimilator  
  121  9:09  Assimilator  
  121  9:11  Pylon  
  121  9:12  Immortal (Chrono Boost)  
  124  9:29  Zealot x2, High Templar x2  
  124  9:30  Zealot x2  
  136  9:33  Archon  
  136  9:44  Zealot x2  
  140  9:49  Probe, Pylon  
  140  9:51  Pylon  
  141  9:53  Pylon  
  141  10:07  Pylon  
  141  10:08  High Templar x4  
  141  10:11  Zealot x2  
  141  10:12  Zealot x2, Archon  
  141  10:13  Archon  
  157  10:20  Pylon  
  157  10:22  Pylon  
  151  10:38  Zealot x4  
  151  10:41  Zealot x4  

Tags
 
Add a new tag
Caveats
  • Supply blocks, unpowered buildings, or Contaminate may cause inaccurate times.
  • Supply counts are checked every 10 seconds.